[ PARTIDA AOE2 · #468641005 ]
UnrankedMaya vs Spanish
Equipo del jugador · VICT
Equipo rival · DERR
[ ANÁLISIS DE REPETICIÓN · EXTRAÍDO DE LA PARTIDA GRABADA ]
Feudal
9:04
Castillos
22:05
Imperial
—
| APM promedio | 61.9 |
| APM pico | 104 |
| eAPM promedio | 22.6 |
| Aldeanos / militares | 50 / 41 |
Foco
⚔️ 27.9% · 🌾 72.1%
Archer ×33 · Eagle Scout ×5 · Militia ×3
Feudal
8:52
Castillos
23:15
Imperial
—
| APM promedio | 70.0 |
| APM pico | 118 |
| eAPM promedio | 31.6 |
| Aldeanos / militares | 54 / 30 |
Foco
⚔️ 57.3% · 🌾 42.7%
Skirmisher ×25 · Spearman ×3 · Scout Cavalry ×2
Mapa de la partida
Recursos iniciales + cada clic de construcción. Líneas = muros · curvas = relieve. ◆ oro · ⬟ piedra · ● bayas · ✦ reliquia · ◌ hueco del cierre
Tu base· Abierta — hueco de 12t
Base de Jan Itor· Abierta — flanco sin cerrar
Terreno inicial suavizado · ◌ = hueco del cierre detectado · pasá el cursor para detalles
Inputs por minuto
— A Bag of Salt - - Jan Itor
Build order — A Bag of Salt
Primeras 150 de 168 acciones detectadas
| 0:00 | Investigar | Loom |
| 0:01 | Crear | Villager (Male) |
| 0:01 | Crear | Villager (Male) |
| 0:02 | Construir | House |
| 0:04 | Construir | House |
| 0:31 | Crear | Villager (Male) |
| 1:30 | Crear | Villager (Male) |
| 1:57 | Construir | Lumber Camp |
| 2:06 | Crear | Villager (Male) |
| 2:12 | Crear | Villager (Male) |
| 2:55 | Crear | Villager (Male) |
| 2:55 | Crear | Villager (Male) |
| 3:41 | Crear | Villager (Male) |
| 3:52 | Construir | House |
| 3:57 | Crear | Villager (Male) |
| 4:17 | Crear | Villager (Male) |
| 4:50 | Crear | Villager (Male) |
| 4:59 | Construir | Barracks |
| 5:14 | Crear | Villager (Male) |
| 5:32 | Crear | Villager (Male) |
| 5:41 | Construir | House |
| 6:08 | Crear | Villager (Male) |
| 6:49 | Construir | Mining Camp |
| 6:54 | Investigar | Feudal Age |
| 6:55 | Investigar | Feudal Age |
| 7:29 | Crear | Militia |
| 7:36 | Crear | Militia |
| 7:41 | Construir | House |
| 8:11 | Construir | Mill |
| 8:12 | Crear | Villager (Male) |
| 8:16 | Crear | Militia |
| 9:04 | Edad | Edad Feudal |
| 9:08 | Investigar | Man-at-Arms (upgrade) |
| 9:17 | Construir | Archery Range |
| 9:34 | Crear | Villager (Male) |
| 9:35 | Crear | Villager (Male) |
| 9:42 | Construir | House |
| 9:42 | Construir | House |
| 9:59 | Crear | Villager (Male) |
| 10:22 | Crear | Archer |
| 10:27 | Construir | Palisade Wall |
| 10:31 | Construir | Palisade Wall |
| 10:32 | Construir | Palisade Wall |
| 10:37 | Crear | Archer |
| 10:40 | Construir | Farm |
| 10:51 | Crear | Villager (Male) |
| 10:55 | Construir | House |
| 10:56 | Construir | House |
| 10:58 | Construir | Palisade Wall |
| 10:58 | Construir | Palisade Wall |
| 11:09 | Crear | Archer |
| 11:15 | Crear | Villager (Male) |
| 11:15 | Crear | Villager (Male) |
| 11:19 | Construir | Farm |
| 11:33 | Crear | Villager (Male) |
| 11:41 | Construir | Farm |
| 11:44 | Construir | Farm |
| 11:51 | Construir | House |
| 11:59 | Crear | Archer |
| 12:14 | Crear | Villager (Male) |
| 12:31 | Crear | Villager (Male) |
| 12:41 | Construir | Blacksmith |
| 12:43 | Crear | Villager (Male) |
| 12:51 | Crear | Eagle Scout |
| 13:03 | Construir | House |
| 13:09 | Crear | Villager (Male) |
| 13:09 | Crear | Archer |
| 13:13 | Construir | House |
| 13:14 | Crear | Villager (Male) |
| 13:27 | Investigar | Fletching |
| 13:27 | Investigar | Fletching |
| 13:28 | Crear | Archer |
| 13:34 | Construir | Farm |
| 13:41 | Crear | Villager (Male) |
| 13:53 | Construir | Farm |
| 13:58 | Crear | Villager (Male) |
| 13:59 | Crear | Archer |
| 14:04 | Construir | Farm |
| 14:16 | Crear | Villager (Male) |
| 14:17 | Crear | Eagle Scout |
| 14:21 | Construir | House |
| 14:24 | Crear | Archer |
| 14:33 | Crear | Villager (Male) |
| 14:48 | Investigar | Double-Bit Axe |
| 14:48 | Investigar | Double-Bit Axe |
| 14:48 | Crear | Villager (Male) |
| 15:05 | Crear | Villager (Male) |
| 15:06 | Crear | Archer |
| 15:07 | Crear | Eagle Scout |
| 15:19 | Crear | Villager (Male) |
| 15:22 | Construir | Farm |
| 15:25 | Construir | Farm |
| 15:42 | Crear | Villager (Male) |
| 15:43 | Crear | Archer |
| 15:45 | Construir | Farm |
| 15:46 | Crear | Archer |
| 16:02 | Crear | Villager (Male) |
| 16:09 | Crear | Eagle Scout |
| 16:10 | Crear | Villager (Male) |
| 16:12 | Construir | House |
| 16:14 | Construir | Palisade Wall |
| 16:18 | Construir | Farm |
| 16:31 | Investigar | Scale Mail Armor |
| 16:33 | Crear | Eagle Scout |
| 16:52 | Crear | Villager (Male) |
| 16:56 | Construir | Farm |
| 16:57 | Construir | Farm |
| 17:40 | Crear | Villager (Male) |
| 17:42 | Construir | Farm |
| 17:43 | Construir | Farm |
| 18:10 | Crear | Villager (Male) |
| 18:11 | Crear | Archer |
| 18:30 | Crear | Villager (Male) |
| 18:34 | Construir | Market |
| 18:40 | Construir | Lumber Camp |
| 18:53 | Crear | Archer |
| 18:55 | Construir | Archery Range |
| 19:12 | Crear | Villager (Male) |
| 19:25 | Investigar | Castle Age |
| 19:25 | Investigar | Castle Age |
| 19:47 | Crear | Archer |
| 19:47 | Crear | Archer |
| 19:52 | Crear | Archer |
| 19:59 | Construir | House |
| 20:00 | Construir | House |
| 20:02 | Construir | Palisade Wall |
| 20:03 | Crear | Archer |
| 20:16 | Crear | Villager (Male) |
| 20:17 | Crear | Archer |
| 20:20 | Construir | Archery Range |
| 20:21 | Construir | Farm |
| 20:25 | Investigar | Horse Collar |
| 20:28 | Crear | Villager (Male) |
| 20:31 | Construir | House |
| 20:34 | Crear | Archer |
| 20:43 | Crear | Archer |
| 20:50 | Crear | Archer |
| 20:54 | Investigar | Gold Mining |
| 21:02 | Construir | Farm |
| 21:05 | Crear | Archer |
| 21:20 | Crear | Archer |
| 21:21 | Crear | Archer |
| 21:27 | Construir | Farm |
| 21:29 | Crear | Archer |
| 21:38 | Crear | Archer |
| 21:44 | Construir | Farm |
| 22:05 | Edad | Edad de los Castillos |
| 22:07 | Investigar | Crossbowman (upgrade) |
| 22:07 | Investigar | Crossbowman (upgrade) |
| 22:12 | Investigar | Bodkin Arrow |
Build order — Jan Itor
Primeras 150 de 182 acciones detectadas
| 0:00 | Crear | Villager (Male) |
| 0:00 | Crear | Villager (Male) |
| 0:00 | Crear | Villager (Male) |
| 0:01 | Construir | House |
| 0:02 | Construir | House |
| 0:38 | Crear | Villager (Male) |
| 0:38 | Crear | Villager (Male) |
| 1:13 | Crear | Villager (Male) |
| 1:50 | Crear | Villager (Male) |
| 2:03 | Crear | Villager (Male) |
| 2:46 | Crear | Villager (Male) |
| 3:00 | Construir | Lumber Camp |
| 3:13 | Crear | Villager (Male) |
| 3:47 | Crear | Villager (Male) |
| 3:48 | Crear | Villager (Male) |
| 3:49 | Construir | House |
| 4:07 | Crear | Villager (Male) |
| 4:19 | Crear | Villager (Male) |
| 4:29 | Crear | Villager (Male) |
| 4:41 | Crear | Villager (Male) |
| 4:56 | Crear | Villager (Male) |
| 5:32 | Construir | Mill |
| 5:44 | Investigar | Loom |
| 6:36 | Investigar | Feudal Age |
| 7:09 | Construir | Barracks |
| 7:13 | Construir | Barracks |
| 7:35 | Construir | House |
| 8:05 | Crear | Villager (Male) |
| 8:07 | Construir | Palisade Wall |
| 8:13 | Construir | Palisade Wall |
| 8:15 | Construir | Palisade Wall |
| 8:16 | Construir | Palisade Wall |
| 8:19 | Construir | Palisade Wall |
| 8:20 | Construir | Palisade Wall |
| 8:26 | Crear | Villager (Male) |
| 8:35 | Crear | Villager (Male) |
| 8:52 | Edad | Edad Feudal |
| 8:59 | Construir | Archery Range |
| 9:00 | Investigar | Double-Bit Axe |
| 9:08 | Crear | Spearman |
| 9:16 | Crear | Villager (Male) |
| 9:31 | Crear | Skirmisher |
| 9:33 | Crear | Villager (Male) |
| 9:35 | Construir | House |
| 9:57 | Crear | Villager (Male) |
| 9:59 | Crear | Skirmisher |
| 10:04 | Crear | Villager (Male) |
| 10:06 | Construir | House |
| 10:06 | Crear | Villager (Male) |
| 10:07 | Construir | Farm |
| 10:16 | Construir | Palisade Wall |
| 10:19 | Construir | Palisade Wall |
| 10:24 | Crear | Skirmisher |
| 10:29 | Construir | House |
| 10:31 | Construir | Palisade Wall |
| 10:34 | Construir | Palisade Wall |
| 10:55 | Construir | Farm |
| 10:55 | Crear | Skirmisher |
| 10:57 | Construir | Palisade Wall |
| 11:08 | Crear | Skirmisher |
| 11:09 | Crear | Villager (Male) |
| 11:22 | Crear | Skirmisher |
| 11:24 | Construir | Palisade Wall |
| 11:28 | Construir | Farm |
| 11:29 | Crear | Villager (Male) |
| 11:38 | Construir | Farm |
| 11:41 | Construir | Palisade Wall |
| 11:49 | Crear | Villager (Male) |
| 11:56 | Construir | Farm |
| 12:13 | Investigar | Horse Collar |
| 12:23 | Construir | Farm |
| 12:33 | Construir | Farm |
| 12:37 | Crear | Villager (Male) |
| 12:42 | Construir | Palisade Wall |
| 12:44 | Crear | Villager (Male) |
| 12:47 | Construir | House |
| 12:52 | Construir | Farm |
| 12:58 | Crear | Skirmisher |
| 13:11 | Construir | Farm |
| 13:24 | Construir | House |
| 13:31 | Construir | House |
| 13:32 | Construir | Palisade Wall |
| 13:41 | Construir | Farm |
| 13:49 | Crear | Villager (Male) |
| 13:51 | Crear | Skirmisher |
| 13:54 | Construir | House |
| 14:02 | Construir | Palisade Wall |
| 14:09 | Crear | Skirmisher |
| 14:27 | Crear | Villager (Male) |
| 14:28 | Crear | Villager (Male) |
| 14:34 | Construir | Palisade Gate |
| 14:38 | Crear | Villager (Male) |
| 14:39 | Construir | Farm |
| 14:39 | Construir | Farm |
| 14:49 | Crear | Villager (Male) |
| 15:03 | Construir | Lumber Camp |
| 15:17 | Crear | Skirmisher |
| 15:22 | Construir | House |
| 15:39 | Crear | Villager (Male) |
| 15:51 | Construir | Mining Camp |
| 15:58 | Construir | House |
| 16:03 | Crear | Skirmisher |
| 16:19 | Crear | Villager (Male) |
| 16:33 | Crear | Spearman |
| 16:33 | Crear | Spearman |
| 16:46 | Crear | Villager (Male) |
| 16:48 | Construir | Palisade Wall |
| 16:50 | Construir | Watch Tower |
| 16:56 | Construir | House |
| 17:26 | Construir | Blacksmith |
| 17:37 | Construir | Palisade Wall |
| 17:39 | Crear | Skirmisher |
| 17:43 | Crear | Villager (Male) |
| 17:44 | Crear | Villager (Male) |
| 17:55 | Crear | Skirmisher |
| 17:56 | Crear | Villager (Male) |
| 17:59 | Construir | Farm |
| 17:59 | Construir | Farm |
| 17:59 | Construir | Farm |
| 17:59 | Construir | Farm |
| 18:00 | Construir | Farm |
| 18:09 | Construir | Stable |
| 18:16 | Crear | Skirmisher |
| 18:29 | Construir | Farm |
| 18:30 | Construir | Farm |
| 18:32 | Crear | Skirmisher |
| 18:45 | Construir | House |
| 18:45 | Construir | House |
| 18:52 | Construir | Lumber Camp |
| 18:53 | Crear | Scout Cavalry |
| 19:12 | Crear | Villager (Male) |
| 19:22 | Construir | Farm |
| 19:29 | Crear | Villager (Male) |
| 19:34 | Crear | Scout Cavalry |
| 19:44 | Construir | Palisade Wall |
| 19:50 | Construir | Farm |
| 19:53 | Crear | Villager (Male) |
| 20:07 | Crear | Villager (Male) |
| 20:25 | Construir | Mining Camp |
| 20:35 | Investigar | Castle Age |
| 20:43 | Crear | Skirmisher |
| 20:46 | Crear | Skirmisher |
| 20:55 | Crear | Villager (Male) |
| 21:02 | Investigar | Fletching |
| 21:10 | Crear | Skirmisher |
| 21:17 | Crear | Villager (Male) |
| 21:22 | Construir | Palisade Wall |
| 21:26 | Crear | Skirmisher |
| 21:32 | Crear | Skirmisher |
| 21:35 | Crear | Villager (Male) |
Cronología de la partida
| 4:59 | A Bag of Salt · first_building Barracks |
| 7:09 | Jan Itor · first_building Barracks |
| 8:07 | Jan Itor · wall_segment Palisade Wall x2 |
| 8:13 | Jan Itor · wall_segment Palisade Wall x1 |
| 8:15 | Jan Itor · wall_segment Palisade Wall x1 |
| 8:16 | Jan Itor · wall_segment Palisade Wall x1 |
| 8:19 | Jan Itor · wall_segment Palisade Wall x1 |
| 8:20 | Jan Itor · wall_segment Palisade Wall x1 |
| 8:52 | Jan Itor · age_up feudal |
| 8:59 | Jan Itor · first_building Archery Range |
| 9:04 | A Bag of Salt · age_up feudal |
| 9:17 | A Bag of Salt · first_building Archery Range |
| 10:16 | Jan Itor · wall_segment Palisade Wall x1 |
| 10:19 | Jan Itor · wall_segment Palisade Wall x1 |
| 10:27 | A Bag of Salt · wall_segment Palisade Wall x1 |
| 10:31 | A Bag of Salt · wall_segment Palisade Wall x1 |
| 10:31 | Jan Itor · wall_segment Palisade Wall x3 |
| 10:32 | A Bag of Salt · wall_segment Palisade Wall x4 |
| 10:34 | Jan Itor · wall_segment Palisade Wall x1 |
| 10:57 | Jan Itor · wall_segment Palisade Wall x5 |
| 10:58 | A Bag of Salt · wall_segment Palisade Wall x1 |
| 10:58 | A Bag of Salt · wall_segment Palisade Wall x1 |
| 11:24 | Jan Itor · wall_segment Palisade Wall x3 |
| 11:41 | Jan Itor · wall_segment Palisade Wall x3 |
| 12:42 | Jan Itor · wall_segment Palisade Wall x6 |
| 13:32 | Jan Itor · wall_segment Palisade Wall x1 |
| 14:02 | Jan Itor · wall_segment Palisade Wall x13 |
| 16:14 | A Bag of Salt · wall_segment Palisade Wall x10 |
| 16:48 | Jan Itor · wall_segment Palisade Wall x1 |
| 17:37 | Jan Itor · wall_segment Palisade Wall x1 |
| 18:09 | Jan Itor · first_building Stable |
| 19:16 | A Bag of Salt · first_market_buy 100 food |
| 19:44 | Jan Itor · wall_segment Palisade Wall x1 |
| 20:02 | A Bag of Salt · wall_segment Palisade Wall x7 |
| 21:22 | Jan Itor · wall_segment Palisade Wall x1 |
| 22:05 | A Bag of Salt · age_up castle |
| 23:15 | Jan Itor · age_up castle |
| 24:10 | Jan Itor · wall_segment Stone Wall x1 |
| 24:12 | Jan Itor · wall_segment Stone Wall x1 |
| 24:15 | Jan Itor · wall_segment Stone Wall x1 |
| 24:25 | Jan Itor · resign |
[ ANÁLISIS IA · 1 CRÉDITO ]
¿Qué pasó realmente en esta partida?
Wolo.gg analiza cada decisión: build order, eco, micro, errores típicos por bracket. Análisis personalizado por WhatsApp o Discord en 30 segundos.
Guía civ
Maya
Perfil
Jugador #3896605